 Dungeon Crawl Stone Soup version 0.21.1-1-g345015fe64 (webtiles) character file.

56 Dreamer the Digger (level 4, -7/32 HPs)
             Began as a Formicid Earth Elementalist on Apr 12, 2018.
             Mangled by an iguana (10 damage)
             ... on level 2 of the Dungeon.
             The game lasted 00:06:59 (2259 turns).

Dreamer the Digger (Formicid Earth Elementalist)    Turns: 2259, Time: 00:07:00

Health: -7/32      AC:  3    Str: 12    XL:     4   Next: 17%
Magic:  4/7        EV: 11    Int: 16    God:
Gold:   138        SH:  3    Dex: 11    Spells: 6/7 levels left

rFire    . . .     SeeInvis +     - Unarmed
rCold    . . .     Gourm    .   i - +0 buckler
rNeg     . . .     Faith    .   g - +0 leather armour
rPois    .         Spirit   .   (helmet unavailable)
rElec    .         Reflect  .   (no cloak)
rCorr    .         Harm     .   (no gloves)
MR       .....                  (no boots)
Stlth    ++........             (no amulet)
HPRegen  0.10/turn              (no ring)
MPRegen  0.10/turn              (no ring)

@: very slightly contaminated
A: permanent stasis, dig shafts and tunnels, four strong arms, antennae 3
a: Dig, Shaft Self


You were on level 2 of the Dungeon.
You were not hungry.

You visited 1 branch of the dungeon, and saw 2 of its levels.

You collected 138 gold pieces.

Inventory:

Missiles
 b - 62 stones (quivered)
Armour
 g - a +0 leather armour (worn)
 i - a +0 buckler (worn)
Scrolls
 a - a scroll of teleportation {unknown}
 c - a scroll of remove curse {unknown}
 k - a scroll of identify {unknown}
Potions
 f - a potion of agility {unknown}
 h - 5 potions of haste {unknown}
 l - a potion of heal wounds {unknown}
Books
 e - a book of Geomancy

   Spells                             Type                      Level
   a - Sandblast                      Earth                        1
   b - Passwall                       Transmutation/Earth          2
   c - Stone Arrow                    Conjuration/Earth            3
   d - Petrify                        Transmutation/Earth          4
   e - Lee's Rapid Deconstruction     Earth                        5
Comestibles
 d - 3 rations


   Skills:
 + Level 1.4 Fighting
 + Level 2.3 Dodging
 - Level 2.4 Stealth
 + Level 1.2 Shields
 * Level 2.1 Unarmed Combat
 - Level 2.1 Spellcasting
   Level 1.1 Transmutations
 - Level 3.6 Earth Magic


You had 6 spell levels left.
You knew the following spells:

 Your Spells              Type           Power        Failure   Level  Hunger
a - Sandblast             Erth           ##....       8%          1    #......


Dungeon Overview and Level Annotations

Branches:
Dungeon (2/15)

Altars:
Cheibriados


Innate Abilities, Weirdness & Mutations

You cannot be hasted, slowed, berserked, paralysed or teleported.
You can dig through walls and to a lower floor.
Your four strong arms can wield two-handed weapons with a shield.
You have a pair of large antennae on your head. (SInv)


Message History

Casting: Sandblast
Confirm with . or Enter, or press ? or * to list all spells.
Aiming: Sandblast
Press: ? - help, Shift-Dir - straight line, f/p - iguana
Aim: an iguana (lightly wounded)
The blast of sand hits the iguana.
The iguana is lightly wounded.
b - 63 stones The iguana bites you!
* * * LOW HITPOINT WARNING * * *
Casting: Sandblast
Confirm with . or Enter, or press ? or * to list all spells.
Aiming: Sandblast
Press: ? - help, Shift-Dir - straight line, f/p - iguana
Aim: an iguana (lightly wounded)
The blast of sand hits the iguana.
The iguana is severely wounded.
b - 62 stones The iguana bites you!
You die...

................#.#
#...).#......
##########..#'#...#
#.#...#......
#..#.#....##.###.#......
####.## ##.# #.#......
#...# #.. ..#.#####
##...## ########.#
#.....# #........#
##.....####.########
#....8.l@.####
......#......# ########
....8###8....._#
#......# ..... ......###
######)# ##... 8....###
#.# ## ....############
#.#
.....##.........###'##
##...# #...............
{ #...............


You could see an iguana.

Vanquished Creatures
  2 adders (D:2)
  A worm (D:2)
  A dart slug (D:2)
  2 leopard geckos (D:2)
  3 bats
  A giant cockroach (D:2)
  2 goblins (D:2)
  4 hobgoblins
  4 jackals (D:1)
  A quokka (D:2)
  A ball python (D:1)
  2 frilled lizards
  4 kobolds
  2 rats
30 creatures vanquished.

Notes
Turn   | Place    | Note
-------+----------+-------------------------------------------
     0 | D:1      | Dreamer the Formicid Earth Elementalist began the quest for the Orb.
     0 | D:1      | Reached XP level 1. HP: 13/13 MP: 3/3
   334 | D:1      | Reached XP level 2. HP: 19/20 MP: 3/5
   337 | D:1      | Reached skill level 1 in Unarmed Combat
   918 | D:2      | Reached skill level 1 in Fighting
   978 | D:2      | Reached XP level 3. HP: 18/26 MP: 3/6
  1680 | D:2      | Reached skill level 1 in Shields
  1937 | D:2      | Reached XP level 4. HP: 32/32 MP: 7/7
  2247 | D:2      | Found a snail-covered altar of Cheibriados.
  2259 | D:2      | Mangled by an iguana

Skill      XL: |  1  2  3 |
---------------+----------+-----
Unarmed Combat | 1 2 |  2.1
Dodging        | 2 |  2.3
Fighting       | 1 |  1.4
Shields        | 1 |  1.2
Stealth        | |  2.4
Spellcasting   | |  2.1
Transmutations | |  1.1
Earth Magic    | |  3.6

Action                   |  1- 3 |  4- 6 || total
-------------------------+-------+-------++-------
Melee: Unarmed           |   122 |    34 ||   156
 Cast: Sandblast         |    17 |     4 ||    21
 Stab: Sleeping          |     2 |     1 ||     3
  Eat: Chunk             |     4 |     1 ||     5
Armor: Robe              |    13 |       ||    13
       Leather armour    |    17 |     7 ||    24
Dodge: Dodged            |    81 |    16 ||    97
Block: Buckler           |     6 |     5 ||    11
